Unix NetHack Version 3.7.0-59 Work-in-progress - last build Jun 11 2022 02:05:43 (957820c7457cdd9d3e79a92e84ff2cda0ad81c79,branch:master). Game began 2022-06-12 13:05:39, ended 2022-06-14 20:41:35. spontiff, neutral male gnomish Healer ---- --- -----..---------.---- ----.--....--.|*--.....| .............%^.......)-- ----..-- ......*.".)....| |..| .......%.<...-| .......@...| ....fq....--- ....B..---..| G --..--- |..| ---- |.-- --- Spontiff the Rhizotomist St:14 Dx:7 Co:14 In:8 Wi:16 Ch:16 Neutral S:300 Dlvl:7 $:0 HP:0(54) Pw:2(5) AC:4 Xp:1/0 T:4147 Latest messages: e - a bubbly potion. What do you want to use or apply? [afjstS or ?*] f What do you want to use or apply? [afjstS or ?*] f You put a bubbly potion into the bag called sack. The giant bat bites! The giant bat misses! The giant bat bites! The giant bat just misses! The giant bat misses! The giant bat bites! The giant bat bites! The rothe hits! The rothe bites! The rothe just misses! You see here a worthless piece of red glass. The large cat bites the rothe. The rothe misses the large cat. The rothe misses the large cat. The rothe misses the large cat. What do you want to use or apply? [afjstS or ?*] s In what direction? h Status of the large cat (neutral): Level 9 HP 56(72) AC 4, tame. The large cat bites the rothe. The large cat bites the rothe. The large cat bites the rothe. The rothe misses the large cat. The rothe misses the large cat. The rothe misses the large cat. What do you want to use or apply? [afjstS or ?*] s In what direction? h Status of the rothe (neutral): Level 3 HP 17(21) AC 7. The large cat eats a rothe corpse. The rothe hits! The rothe misses! The rothe bites! The giant bat misses! What do you want to use or apply? [afjstS or ?*] s In what direction? y Status of the giant bat (neutral): Level 3 HP 11(11) AC 7. The giant bat bites! The rothe hits! The rothe bites! The rothe bites! The giant bat bites! The rothe hits! The rothe bites! The rothe bites! You die... Do you want your possessions identified? [ynq] (y) y Do you want to see the dungeon overview? [ynq] (y) y Major events: Turn 1: spontiff the neutral male gnomish Healer entered the dungeon 2265: entered the Gnomish Mines 4147: killed by a rothe Inventory: Weapons k - an uncursed +0 elven dagger K - 2 uncursed +0 orcish daggers Armor h - an uncursed +0 dwarvish iron helm (being worn) g - an uncursed +1 pair of leather gloves (being worn) v - an uncursed +0 pair of iron shoes (being worn) q - an uncursed +0 dwarvish cloak (being worn) Comestibles y - an uncursed apple a - 2 uncursed cream pies (wielded) n - 2 uncursed food rations o - 2 uncursed food rations p - 2 uncursed tripe rations Wands S - an uncursed wand of sleep (0:3) Tools f - an uncursed sack containing 12 items s - an uncursed stethoscope t - an uncursed towel Gems/Stones l - 2 uncursed luckstones j - an uncursed touchstone Contents of the sack: 1099 gold pieces 42 cursed -1 darts an uncursed +0 dwarvish cloak an uncursed potion of booze an uncursed potion of fruit juice a blessed potion of gain ability an uncursed potion of gain level an uncursed potion of invisibility an uncursed potion of paralysis a cursed potion of see invisible named SMOKY a potion of holy water an uncursed ring of sustain ability Spontiff the Healer's attributes: Background: You were a Rhizotomist, a level 1 male gnomish Healer. You were neutral, on a mission for Hermes who was opposed by Athena (lawful) and Poseidon (chaotic). You were in the Gnomish Mines, on level 7. You entered the dungeon 4147 turns ago. There was a full moon in effect when your adventure ended. You had 0 experience points, 20 were needed to attain level 2. Your score was 300 before end-of-game adjustments. Basics: You had 0 out of 54 hit points. You had 2 out of 5 energy points (spell power). Your armor class was 4. Your wallet was empty. Autopickup was on for '$!/="?' plus thrown, with exceptions. Final Characteristics: Your strength was 14 (limit:18/50). Your dexterity was 7 (limit:18). Your constitution was 14 (limit:18). Your intelligence was 8 (limit:19). Your wisdom was 16 (limit:18). Your charisma was 16 (limit:18). Final Status: You were not hungry. You were unencumbered. You were wielding some food. Final Attributes: You were fervently aligned. You were poison resistant. You had infravision. You were warded. You were lucky. You had extra luck. Bad luck did not time out for you. Good luck did not time out for you. You are dead. Miscellaneous: You never encountered a bones level. Total elapsed playing time was 53 minutes and 10 seconds. Vanquished creatures: 3 small mimics a giant spider a shrieker a gnome leader 3 dwarves 2 rothes 3 giant bats an orc zombie an iguana 2 acid blobs 8 hobbits a large kobold a hobgoblin a giant rat a cave spider 2 yellow molds 5 gnomes 3 gnome zombies 5 geckos 7 jackals 6 foxes a kobold 3 goblins 7 sewer rats 6 grid bugs 6 lichens 2 kobold zombies 12 newts 95 creatures vanquished. No species were genocided or became extinct. Voluntary challenges: You never hit with a wielded weapon. You were a pacifist. You read items or engraved 1 time. You never engraved Elbereth. You never genocided any monsters. You never polymorphed an object. You never changed form. You used no wishes. Achievements: You entered a shop. You entered the Gnomish Mines. The Dungeons of Doom: levels 1 to 5 Level 1: Level 2: "magic trap; vault; stash" A potion shop, an altar to Hermes, a fountain. Level 3: A fountain. Level 4: A general store. Stairs down to The Gnomish Mines. Level 5: A fountain. The Gnomish Mines: levels 5 to 7 Level 5: Level 6: "magic trap" Level 7: <- You were here. Final resting place for you, killed by a rothe. Game over: ---------- / \ / REST \ / IN \ / PEACE \ / \ | spontiff | | 1099 Au | | killed by a | | rothe | | | | | | 2022 | *| * * * | * _________)/\\_//(\/(/\)/\//\/|_)_______ Goodbye spontiff the Healer... You died in The Gnomish Mines on dungeon level 7 with 300 points, and 1099 pieces of gold, after 4147 moves. You were level 1 with a maximum of 54 hit points when you died.